 Dungeon Sprint DCSS version 0.28-b1-25-g9875b3fc8c (webtiles) character file.

Game seed: 10624299597960104736

47819 rocky1 the Devastator (level 14, -6/100 HPs)
             Began as a Gargoyle Earth Elementalist on Feb 3, 2022.
             Was the Champion of Sif Muna.
             Shot with an arrow by a deep elf master archer (29 damage)
             ... in the Dungeon (Sprint VII: "The Pits").
             The game lasted 01:00:28 (6853 turns).

rocky1 the Devastator (Gargoyle Earth Elementalist) Turns: 6853, Time: 01:00:28

Health: -6/100     AC: 22    Str: 17    XL:     14   Next: 43%
Magic:  33/33      EV: 15    Int: 28    God:    Sif Muna [******]
Gold:   48         SH:  0    Dex: 10    Spells: 10/43 levels left

rFire   . . .      SeeInvis +   H - +11 flail of Quick Death {protect, Drain Str+3 Int+6 SInv}
rCold   . . .      Faith    .   (no shield)
rNeg    + . .      Spirit   .   h - +0 robe {Will+}
rPois   ∞          Reflect  .   D - +2 helmet {Int+3}
rElec   +          Harm     .   (no cloak)
rCorr   .          Rampage  .   s - +0 pair of gloves
Will    +++..      NoTele   +   r - +0 pair of boots
Stlth   ++........              I - amulet of regeneration
HPRegen 1.06/turn               C - ring of willpower
MPRegen 0.23/turn               p - +3 ring of protection

@: flying
A: sickness immunity, AC +10, big wings, negative energy resistance 1,
electricity resistance, torment resistance 1, petrification resistance
a: Renounce Religion, Channel Magic, Forget Spell, Divine Exegesis


You were in the Dungeon.
You worshipped Sif Muna.
Sif Muna was exalted by your worship.
You visited 1 branch You collected 48 gold pieces.

Inventory:

Hand Weapons
 b - a +2 vampiric demon trident
 H - the +11 flail of Quick Death (weapon) {protect, Drain Str+3 Int+6 SInv}
   (You found it in the Dungeon)

   It grants its wielder temporary protection when it strikes (+7 to AC).
   Str:       It affects your strength (+3).
   Int:       It affects your intelligence (+6).
   SInv:      It lets you see invisible.
   Drain:     It drains your maximum health when unequipped.
Missiles
 L - 6 stones
Armour
 h - a +0 robe of willpower (worn)
 k - a +3 troll leather armour {Snorg}
 r - a +0 pair of boots (worn)
 s - a +0 pair of gloves (worn)
 v - a +1 leather armour of positive energy
 D - a +2 helmet of intelligence (worn)
Magical Staves
 N - a staff of fire
Jewellery
 p - a +3 ring of protection (right hand)
 C - a ring of willpower (left hand)
 I - an amulet of regeneration (around neck)
Scrolls
 d - 4 scrolls of amnesia
 j - a scroll of summoning
 w - a scroll of identify
 x - a scroll of blinking
 z - 5 scrolls of enchant weapon
 A - a scroll of fear
 G - a scroll of holy word
Potions
 a - a potion of invisibility
 c - 11 potions of curing
 e - a potion of haste
 f - a potion of magic
 g - 8 potions of berserk rage
 l - 5 potions of heal wounds
 q - a potion of might
 K - a potion of lignification


   Skills:
 - Level 16.0 Fighting
 - Level 8.0 Armour
 - Level 10.0 Dodging
 - Level 2.1 Stealth
 - Level 15.0 Spellcasting
 + Level 20.3 Conjurations
 - Level 4.5 Translocations
 - Level 0.7 Transmutations
 + Level 13.7 Fire Magic
 - Level 19.7 Earth Magic
 - Level 13.1 Invocations


You had 10 spell levels left.
You knew the following spells:

 Your Spells              Type           Power      Damage    Failure   Level
a - Sandblast             Erth           100%       2d20      0%          1
b - Stone Arrow           Conj/Erth      100%       3d13      0%          3
c - Lee's Rapid Deconstr  Erth           46%        3d23*     1%          5
d - Iron Shot             Conj/Erth      46%        9d9       1%          6
e - Frozen Ramparts       Ice            42%        1d6       7%          3
f - Orb of Destruction    Conj           47%        9d12      1%          7
g - Starburst             Conj/Fire      43%        6d12      1%          6
h - Blink                 Tloc           92%        N/A       1%          2

Your spell library contained the following spells:

 Spells                   Type           Power      Damage    Failure   Level
 Foxfire                  Conj/Fire      100%       2x1d9     0%          1
 Magic Dart               Conj           100%       1d8       0%          1
 Searing Ray              Conj           100%       2d8       0%          2
 Conjure Flame            Conj/Fire      86%        6-21      0%          3
 Iskenderun's Battlesphe  Conj           94%        2d14      0%          5
 Beastly Appendage        Tmut           50%        N/A       1%          1
 Shock                    Conj/Air       100%       1d9       1%          1
 Passwall                 Tmut/Erth      56%        N/A       1%          2
 Static Discharge         Conj/Air       67%        N/A       1%          2
 Dazzling Flash           Conj/Hex       100%       N/A       1%          3
 Gell's Gravitas          Tloc           46%        N/A       1%          3
 Ignite Poison            Fire/Tmut/Pois 48%        N/A       1%          3
 Inner Flame              Hex/Fire       56%        N/A       1%          3
 Lesser Beckoning         Tloc           46%        N/A       1%          3
 Mephitic Cloud           Conj/Pois/Air  56%        N/A       1%          3
 Teleport Other           Tloc           46%        N/A       1%          3
 Animate Armour           Summ/Erth      100%       N/A       1%          4
 Flame Wave               Conj/Fire      86%        2d15      1%          4
 Fulminant Prism          Conj/Hex       33%        3d16      1%          4
 Hailstorm                Conj/Ice       67%        3d14      1%          4
 Iskenderun's Mystic Bla  Conj/Tloc      74%        2d15      1%          4
 Leda's Liquefaction      Hex/Erth       33%        N/A       1%          4
 Petrify                  Tmut/Erth      68%        N/A       1%          4
 Sticky Flame             Conj/Fire      86%        2d10      1%          4
 Borgnjor's Vile Clutch   Necr/Erth      33%        N/A       1%          5
 Fireball                 Conj/Fire      43%        3d17      1%          5
 Irradiate                Conj/Tmut      34%        3d24      1%          5
 Lightning Bolt           Conj/Air       33%        1d51      1%          5
 Freeze                   Ice            84%        1d10      2%          1
 Summon Small Mammal      Summ           84%        N/A       2%          1
 Call Imp                 Summ           21%        N/A       3%          2
 Corpse Rot               Necr/Air       42%        N/A       3%          2
 Ensorcelled Hibernation  Hex/Ice        42%        N/A       3%          2
 Poisonous Vapours        Pois/Air       42%        N/A       3%          2
 Passage of Golubria      Tloc           46%        N/A       3%          4
 Freezing Cloud           Conj/Ice/Air   28%        6-21      4%          5
 Lehudib's Crystal Spear  Conj/Erth      46%        10d11     4%          8
 Conjure Ball Lightning   Conj/Air       33%        3x3d11    5%          6
 Call Canine Familiar     Summ           21%        N/A       7%          3
 Ozocubu's Armour         Ice            21%        N/A       7%          3
 Summon Guardian Golem    Hex/Summ       21%        N/A       7%          3
 Swiftness                Air            21%        N/A       7%          3
 Tukima's Dance           Hex            21%        N/A       7%          3
 Vampiric Draining        Necr           21%        2d7       7%          3
 Manifold Assault         Tloc           46%        N/A       11%         5
 Ice Form                 Ice/Tmut       23%        N/A       21%         4
 Airstrike                Air            10%        N/A       24%         4
 Animate Dead             Necr           10%        N/A       24%         4
 Cause Fear               Hex            10%        N/A       24%         4
 Summon Lightning Spire   Summ/Air       21%        N/A       24%         4
 Summon Forest            Summ/Tloc      16%        N/A       26%         5
 Spellforged Servitor     Conj/Summ      33%        N/A       30%         7
 Blade Hands              Tmut           12%        N/A       45%         5
 Alistair's Intoxication  Tmut/Pois      15%        N/A       50%         5
 Yara's Violent Unravell  Hex/Tmut       11%        3d6       50%         5
 Ignition                 Fire           39%        3d12      50%         8
 Agony                    Necr           21%        N/A       54%         5
 Excruciating Wounds      Necr           10%        N/A       54%         5
 Silence                  Hex/Air        10%        N/A       54%         5
 Summon Mana Viper        Hex/Summ       21%        N/A       54%         5
 Shatter                  Erth           46%        3d36*     58%         9
 Fire Storm               Conj/Fire      43%        8d11      92%         9
 Eringya's Noxious Bog    Tmut/Pois      11%        N/A       97%         6
 Simulacrum               Ice/Necr       10%        N/A       98%         6
 Summon Cactus Giant      Summ           10%        N/A       98%         6
 Haunt                    Necr/Summ      10%        N/A       100%        7
 Monstrous Menagerie      Summ           10%        N/A       100%        7
 Ozocubu's Refrigeration  Ice            10%        4d7       100%        7
 Storm Form               Tmut/Air       11%        N/A       100%        7
 Summon Hydra             Summ           10%        N/A       100%        7
 Discord                  Hex            10%        N/A       100%        8
 Necromutation            Tmut/Necr      11%        N/A       100%        8
 Chain Lightning          Conj/Air       33%        3d44      100%        9
 Death's Door             Necr           10%        N/A       100%        9
 Polar Vortex             Ice            10%        N/A       100%        9


Dungeon Overview and Level Annotations

Branches:
Dungeon (1/1)

Altars:
Ashenzari
Cheibriados
Dithmenos
Elyvilon
Fedhas
Gozag
Hepliaklqana
Kikubaaqudgha
Makhleb
Nemelex Xobeh
Okawaru
Qazlal
Ru
Sif Muna
Trog
Uskayaw
Vehumet
Wu Jian
Xom
Yredelemnul
Zin
The Shining One
Beogh
Jiyva
Lugonu

Annotations:
D Mara


Innate Abilities, Weirdness & Mutations

You are immune to sickness and miasma.
Your stone body is resilient. (AC +10)
You are immune to poison.
Your large and strong wings let you fly.
You resist negative energy. (rN+)
You are resistant to electric shocks. (rElec)
You are resistant to unholy torment.
You are immune to petrification.


Message History

Aiming: Lee's Rapid Deconstruction (safe; 1% risk of failure)
Press: ? - help, Dir - move target A metal wall.
The metal wall shatters!
The blast of metal fragments hits the deep elf demonologist!!
The deep elf demonologist is heavily wounded.
The deep elf demonologist gestures wildly while chanting.
Casting: Lee's Rapid Deconstruction (safe; 1% risk of failure)
Confirm with . or Enter, or press ? or * to list all spells.
Aiming: Lee's Rapid Deconstruction (safe; 1% risk of failure)
Press: ? - help, Dir - move target A metal wall.
The metal wall shatters!
The blast of metal fragments hits the Executioner!!!
The Executioner is severely wounded.
The blast of metal fragments hits the deep elf demonologist!!!
You kill the deep elf demonologist!
Sif Muna accepts your kill.
The Executioner disappears in a puff of smoke!
You hear a roar!
Unknown command.
You start resting.
Magic restored.
A purple draconian comes into view. It is wielding a +2 antimagic flail.
A deep elf master archer comes into view.
The purple draconian breathes dispelling energy at you.
The bolt of dispelling energy hits you!
Mara, Lord of Illusions comes into view.
He is wielding a +2 demon blade of venom and wearing a +2 robe of positive energy.
You feel less invigorated.
The deep elf master archer shouts!
The deep elf master archer wields a +0 longbow.
The deep elf master archer shoots an arrow.
The arrow hits you!
* * * LOW HITPOINT WARNING * * *
You feel much better.
The deep elf master archer shoots an arrow.
The arrow hits you!!!
* * * LOW HITPOINT WARNING * * *
The deep elf master archer shoots an arrow.
The arrow hits you!!
You die...

######################
.......#....#.)|)....#
..d...).....#........#
.......#....#.......(#
...#'###@...'.......)#
. #..e.....#######.##
#..##..)..........#
.....##)............#
.......##)#####.#####
##
#...#.....#......####
#.......).)).....##..
#...#....)[[.....##..
#.....#)....)''..


You could see a deep elf master archer.

Vanquished Creatures
  Nikola (D)
  Kirke (D)
  A shadow dragon (D)
  A draconian scorcher (D)
  A balrug (D)
  An orc warlord (D)
  A draconian shifter (D)
  2 emperor scorpions (D)
  A war gargoyle (D)
  2 deep elf demonologists (D)
  A dire elephant (D)
  A yellow draconian (D)
  A purple draconian (D)
  2 minotaurs (D)
  A yaktaur captain (D)
  Snorg (D)
  A merfolk javelineer (D)
  A spriggan air mage (D)
  A merfolk avatar (D)
  A death knight (D)
  3 hydras (D)
  An alligator snapping turtle (D)
  A catoblepas (D)
  An anaconda (shapeshifter) (D)
  2 dancing weapons (D)
  A deep troll shaman (D)
  A vampire mage (D)
  A fire crab (D)
  2 iron trolls (D)
  5 deep trolls (D)
  A flayed ghost (D)
  A wizard (D)
  2 necromancers (D)
  2 lindwurms (D)
  An orc knight (D)
  2 deep elf zephyrmancers (D)
  2 wolf spiders (D)
  2 orc sorcerers (D)
  A manticore (D)
  An elephant (D)
  A smoke demon (D)
  3 molten gargoyles (D)
  2 gargoyles (D)
  2 cane toads (D)
  A freezing wraith (D)
  3 efreet (D)
  An ice devil (D)
  2 guardian mummies (D)
  5 merfolk (D)
  2 red devils (D)
  A troll (D)
  A hornet (D)
  2 tarantellas (D)
  4 blink frogs (D)
  6 dream sheep (D)
  A jumping spider (D)
  2 shadows (D)
  A spriggan (D)
  2 water elementals (D)
  A fire elemental (D)
  A wraith (D)
  A ynoxinul (D)
  A basilisk (D)
  2 hogs (D)
  8 yaks (D)
  Grum (D)
  A steam dragon (D)
  3 vampire mosquitoes (D)
  A basilisk (shapeshifter) (D)
  A chaos spawn (D)
  An acid dragon (D)
  A warg (D)
  A floating eye (D)
  3 orc warriors (D)
  2 ice beasts (D)
  A black bear (D)
  2 wolves (D)
  A wolf (shapeshifter) (D)
  2 centaurs (D)
  A kobold brigand (D)
  A bullfrog (D)
  A gnoll sergeant (D)
  2 scorpions (D)
  5 killer bees (D)
  3 wights (D)
  A quasit (D)
  A jelly (D)
  5 orc priests (D)
  A hound (D)
  An iron imp (D)
  2 hell rats (D)
  An orc wizard (D)
  7 gnolls (D)
  An adder (D)
  A river rat (D)
  An ufetubus (D)
  2 adder zombies (D)
  An adder skeleton (D)
  2 worms (D)
  11 orcs (D)
  A bat skeleton (D)
  A bat zombie (D)
  An endoplasm (D)
  A giant cockroach (D)
  A hobgoblin (D)
  2 quokkas (D)
  A ball python (D)
  A ball python simulacrum (D)
  A ball python zombie (D)
  A frilled lizard (D)
  2 giant cockroach zombies (D)
  A quokka zombie (D)
198 creatures vanquished.

Vanquished Creatures (others)
  A chaos spawn (D)
  A floating eye (D)
  A ball python zombie (D)
3 creatures vanquished.

Grand Total: 201 creatures vanquished

Notes
Turn   | Place    | Note
-------+----------+-------------------------------------------
     0 | D        | rocky1 the Gargoyle Earth Elementalist began the quest for
                  | the Orb.
     0 | D        | Reached XP level 1. HP: 10/10 MP: 3/3
    18 | D        | Reached XP level 2. HP: 6/15 MP: 3/5
   220 | D        | Found a bloodstained altar of Trog.
   220 | D        | Found a shimmering blue altar of Sif Muna.
   220 | D        | Found a viscous altar of Jiyva.
   220 | D        | Found a hazy altar of Hepliaklqana.
   220 | D        | Found an opulent altar of Gozag.
   221 | D        | Found a glowing golden altar of the Shining One.
   221 | D        | Found a glowing silver altar of Zin.
   221 | D        | Found a basalt altar of Yredelemnul.
   221 | D        | Found a shimmering altar of Xom.
   221 | D        | Found an ornate altar of the Wu Jian Council.
   221 | D        | Found a sacrificial altar of Ru.
   221 | D        | Found a stormy altar of Qazlal.
   221 | D        | Found an iron altar of Okawaru.
   221 | D        | Found a sparkling altar of Nemelex Xobeh.
   221 | D        | Found a burning altar of Makhleb.
   221 | D        | Found a blossoming altar of Fedhas.
   221 | D        | Found a white marble altar of Elyvilon.
   221 | D        | Found a shadowy altar of Dithmenos.
   221 | D        | Found a snail-covered altar of Cheibriados.
   224 | D        | Found a corrupted altar of Lugonu.
   224 | D        | Found a radiant altar of Vehumet.
   225 | D        | Found an ancient bone altar of Kikubaaqudgha.
   225 | D        | Found a hide-covered altar of Uskayaw.
   225 | D        | Found a broken altar of Ashenzari.
   230 | D        | Became a worshipper of Sif Muna the Loreminder
   265 | D        | Reached * piety under Sif Muna
   551 | D        | Reached XP level 3. HP: 3/19 MP: 0/6
   815 | D        | Noticed a floating eye
   819 | D        | Paralysed by a floating eye for 4 turns
   823 | D        | Killed a floating eye
   824 | D        | Reached XP level 4. HP: 29/29 MP: 6/9
   824 | D        | Reached XP level 5. HP: 33/33 MP: 6/10
   824 | D        | Reached ** piety under Sif Muna
   877 | D        | Learned a level 3 spell: Stone Arrow
   891 | D        | Noticed an ice beast
   922 | D        | Noticed a black bear
   932 | D        | Reached *** piety under Sif Muna
   933 | D        | Reached skill level 2 in Conjurations
   933 | D        | Reached skill level 10 in Earth Magic
   936 | D        | Killed an ice beast
   937 | D        | Reached skill level 5 in Conjurations
   937 | D        | Reached XP level 6. HP: 34/38 MP: 1/11
  1149 | D        | Reached skill level 6 in Conjurations
  1149 | D        | Killed a black bear
  1149 | D        | Reached **** piety under Sif Muna
  1150 | D        | Reached skill level 5 in Spellcasting
  1150 | D        | Reached skill level 7 in Conjurations
  1247 | D        | Noticed an ice beast
  1251 | D        | Killed an ice beast
  1252 | D        | Reached XP level 7. HP: 42/42 MP: 0/16
  1462 | D        | Reached skill level 8 in Conjurations
  1465 | D        | Reached ***** piety under Sif Muna
  1468 | D        | Received a gift from Sif Muna
  1742 | D        | Noticed a yak
  1742 | D        | Noticed a yak
  1742 | D        | Noticed a yak
  1742 | D        | Noticed a yak
  1742 | D        | Noticed a yak
  1768 | D        | Killed a yak
  1769 | D        | Reached skill level 9 in Conjurations
  1772 | D        | Killed a yak
  1773 | D        | Reached XP level 8. HP: 37/48 MP: 3/19
  1878 | D        | Received a gift from Sif Muna
  1881 | D        | Got Sif Muna's Disquisition on Calling and Attacks {god
                  | gift}
  1894 | D        | Killed a yak
  1895 | D        | Reached skill level 10 in Conjurations
  1914 | D        | Killed a yak
  1921 | D        | Killed a yak
  2191 | D        | Found the +10 zealot's sword {holy, *Rage rN+ EV+3}
  2323 | D        | Noticed a yak
  2323 | D        | Noticed a yak
  2323 | D        | Noticed a molten gargoyle
  2323 | D        | Noticed a yak
  2356 | D        | Killed a yak
  2357 | D        | Reached skill level 11 in Conjurations
  2357 | D        | Reached skill level 15 in Earth Magic
  2365 | D        | Reached XP level 9. HP: 48/52 MP: 14/22
  2387 | D        | Killed a molten gargoyle
  2387 | D        | Received a gift from Sif Muna
  2388 | D        | Reached skill level 5 in Invocations
  2391 | D        | Got Sif Muna's Catalogue of Glacial Earth {god gift}
  2398 | D        | Learned a level 5 spell: Lee's Rapid Deconstruction
  2405 | D        | Learned a level 6 spell: Iron Shot
  2409 | D        | Learned a level 3 spell: Frozen Ramparts
  2452 | D        | Reached skill level 12 in Conjurations
  2688 | D        | Noticed an efreet
  2705 | D        | Noticed a deep elf zephyrmancer
  2715 | D        | Reached skill level 10 in Spellcasting
  2715 | D        | Killed a deep elf zephyrmancer
  2715 | D        | Noticed a cane toad
  2718 | D        | Killed a cane toad
  2719 | D        | Reached XP level 10. HP: 55/56 MP: 8/24
  2720 | D        | Received a gift from Sif Muna
  2722 | D        | Reached skill level 13 in Conjurations
  2903 | D        | Got Sif Muna's Incunabulum of Conjuration {god gift}
  2922 | D        | Noticed an orc sorcerer
  2923 | D        | Killed an orc sorcerer
  2926 | D        | Reached ****** piety under Sif Muna
  2954 | D        | Noticed a deep troll
  2958 | D        | Killed a deep troll
  2964 | D        | Noticed a fire crab
  2991 | D        | Received a gift from Sif Muna
  2992 | D        | Reached skill level 14 in Conjurations
  2992 | D        | Reached skill level 10 in Invocations
  2992 | D        | Got Sif Muna's Spellcasting, Part Four {god gift}
  3107 | D        | Killed a fire crab
  3365 | D        | Noticed an orc knight
  3369 | D        | Killed an orc knight
  3370 | D        | Reached XP level 11. HP: 60/60 MP: 15/26
  3371 | D        | Received a gift from Sif Muna
  3372 | D        | Got Yblasethu's Reference Book on Damage Dealing and
                  | Transmutation {god gift}
  3615 | D        | Learned a level 7 spell: Orb of Destruction
  3620 | D        | Learned a level 4 spell: Animate Armour
  3632 | D        | Noticed Grum
  3701 | D        | Received a gift from Sif Muna
  3707 | D        | Got Kifuyrph's Disquisition on Battle Magic {god gift}
  3739 | D        | Killed Grum
  3742 | D        | Received a gift from Sif Muna
  3747 | D        | Got Sif Muna's Volume of Aerial Sinister Magic {god gift}
  4153 | D        | Received a gift from Sif Muna
  4154 | D        | Got Sif Muna's Handbook of Stones and Air {god gift}
  4301 | D        | Noticed an alligator snapping turtle
  4310 | D        | Killed an alligator snapping turtle
  4311 | D        | Reached skill level 5 in Fighting
  4650 | D        | Noticed a manticore
  4653 | D        | Killed a manticore
  4933 | D        | Noticed a lindwurm
  4933 | D        | Noticed Snorg
  4938 | D        | Killed Snorg
  4938 | D        | Killed a lindwurm
  4938 | D        | Received a gift from Sif Muna
  4941 | D        | Got Sif Muna's Guide on Evil {god gift}
  5210 | D        | Noticed a merfolk javelineer
  5210 | D        | Noticed a dire elephant
  5210 | D        | Noticed a +2 halberd of protection
  5211 | D        | Killed a merfolk javelineer
  5211 | D        | Killed a +2 halberd of protection
  5212 | D        | Reached skill level 5 in Dodging
  5212 | D        | Reached XP level 12. HP: 73/73 MP: 20/30
  5212 | D        | Received a gift from Sif Muna
  5236 | D        | Killed a dire elephant
  5373 | D        | Got Sif Muna's Further Progress in Sorcery {god gift}
  5387 | D        | Got the +11 flail of Quick Death {protect, Drain Str+3
                  | Int+6 SInv}
  5551 | D        | Noticed a minotaur
  5552 | D        | Noticed a six-headed hydra
  5554 | D        | Reached skill level 1 in Armour
  5554 | D        | Noticed a yellow draconian
  5555 | D        | Killed a minotaur
  5557 | D        | Noticed Kirke
  5559 | D        | Killed a yellow draconian
  5559 | D        | Received a gift from Sif Muna
  5559 | D        | Noticed a catoblepas
  5560 | D        | Reached skill level 10 in Fighting
  5560 | D        | Killed Kirke
  5560 | D        | Killed a minotaur
  5563 | D        | Killed a catoblepas
  5565 | D        | Killed a five-headed hydra
  5567 | D        | Killed a six-headed hydra
  5568 | D        | Received a gift from Sif Muna
  5574 | D        | Received a gift from Sif Muna
  5576 | D        | Reached XP level 13. HP: 75/87 MP: 10/31
  5584 | D        | Received a gift from Sif Muna
  5590 | D        | Got Itwir's Catalogue of Scorching Evil {god gift}
  5590 | D        | Got Sif Muna's Papyrus of Supportive Combat Magic {god
                  | gift}
  5590 | D        | Got Sif Muna's Volume of Confrontation and Transmutation
                  | {god gift}
  6050 | D        | Learned a level 6 spell: Starburst
  6060 | D        | Reached skill level 10 in Dodging
  6060 | D        | Reached skill level 1 in Fire Magic
  6060 | D        | Received a gift from Sif Muna
  6061 | D        | Reached skill level 15 in Conjurations
  6061 | D        | Got Sif Muna's Volume of Ensnaring Changing {god gift}
  6078 | D        | Received a gift from Sif Muna
  6079 | D        | Reached skill level 5 in Fire Magic
  6079 | D        | Got Sif Muna's Handbook of Congealing Stones {god gift}
  6149 | D        | Noticed a war gargoyle
  6151 | D        | Killed a war gargoyle
  6152 | D        | Reached skill level 16 in Conjurations
  6270 | D        | Noticed an emperor scorpion
  6278 | D        | Killed an emperor scorpion
  6282 | D        | Reached skill level 15 in Fighting
  6295 | D        | Received a gift from Sif Muna
  6296 | D        | Got Wemen's Guide on the Snowflakes and Execration {god
                  | gift}
  6465 | D        | Noticed a yaktaur captain
  6470 | D        | Killed a yaktaur captain
  6473 | D        | Noticed a balrug
  6475 | D        | Noticed a deep elf demonologist
  6478 | D        | Noticed a shadow dragon
  6485 | D        | Killed a balrug
  6489 | D        | Noticed an Ice Fiend
  6489 | D        | Killed a deep elf demonologist
  6490 | D        | Reached skill level 17 in Conjurations
  6492 | D        | Received a gift from Sif Muna
  6493 | D        | Killed a shadow dragon
  6497 | D        | Noticed an emperor scorpion
  6498 | D        | Learned a level 2 spell: Blink
  6504 | D        | Noticed a purple draconian shifter
  6512 | D        | Killed an emperor scorpion
  6519 | D        | Killed a purple draconian shifter
  6520 | D        | Reached skill level 10 in Fire Magic
  6547 | D        | Received a gift from Sif Muna
  6548 | D        | Reached skill level 18 in Conjurations
  6548 | D        | Got Sif Muna's Tome of Battle Magic and Fire {god gift}
  6559 | D        | Gained mutation: Your large and strong wings let you fly.
                  | [Gargoyle growth]
  6559 | D        | Reached XP level 14. HP: 87/100 MP: 17/32
  6568 | D        | Noticed a purple draconian
  6571 | D        | Killed a purple draconian
  6593 | D        | Found the ring of the Octopus King {Wiz AC+1 EV+1 Str+1
                  | Int+1 Dex+1}
  6595 | D        | Noticed an orc warlord
  6598 | D        | Received a gift from Sif Muna
  6601 | D        | Reached skill level 15 in Spellcasting
  6607 | D        | Killed an orc warlord
  6612 | D        | Reached skill level 19 in Conjurations
  6630 | D        | Got Sif Muna's Volume of Warped Summoning {god gift}
  6638 | D        | Received a gift from Sif Muna
  6655 | D        | Got Xeop's Papyrus of Lethal Transformation
  6694 | D        | Noticed a red draconian scorcher
  6701 | D        | Killed a red draconian scorcher
  6819 | D        | Noticed Nikola
  6830 | D        | Killed Nikola
  6844 | D        | Reached skill level 20 in Conjurations
  6844 | D        | Received a gift from Sif Muna
  6845 | D        | Got Sif Muna's Papyrus of Creative Clay {god gift}
  6846 | D        | Noticed a deep elf demonologist
  6849 | D        | Noticed an Executioner
  6849 | D        | Killed a deep elf demonologist
  6850 | D        | Noticed a purple draconian
  6851 | D        | Noticed a deep elf master archer
  6851 | D        | Noticed Mara
  6853 | D        | Shot with an arrow by a deep elf master archer

Illustrated notes

Levels and vault maps discovered:
D:        pitsprint [storerooms_1, entrance_room_1, metal_vault_5, armoury_2,
          mini_pit_1, grid_room_1, main_hall_1, silver_pit, the_coven_3,
          the_vestibule_1, steel_vault_3, golden_pit, hallway_of_sentries,
          crystal_vault_3, iron_vault_4, final_vault]

Skill      XL: |  1  2  3  4  5  6  7  8  9 10 11 12 13 14 |
---------------+-------------------------------------------+-----
Earth Magic    | 6 8 9 11 12 14 15 16 18 19 | 19.7
Fighting       | 3 8 12 16 | 16.0
Spellcasting   | 3 6 7 9 10 11 14 15 | 15.0
Invocations    | 3 4 7 11 12 13 | 13.1
Conjurations   | 5 7 9 11 12 14 18 20 | 20.3
Dodging        | 5 9 10 | 10.0
Armour         | 8 |  8.0
Fire Magic     | 10 13 | 13.7
Translocations | 4 |  4.5
Stealth        | |  2.1
Transmutations | |  0.7

Action                   |  1- 3 |  4- 6 |  7- 9 | 10-12 | 13-15 || total
-------------------------+-------+-------+-------+-------+-------++-------
Melee: Mace              |    12 |    23 |    42 |     3 |       ||    80
       Punch             |       |       |     1 |       |       ||     1
       Demon trident     |       |       |       |    12 |       ||    12
       Flail             |       |       |       |       |     1 ||     1
 Cast: Sandblast         |    12 |     3 |     7 |    12 |    12 ||    46
       Stone Arrow       |       |    10 |    27 |     2 |     5 ||    44
       Lee's Rapid Decon |       |       |     5 |    66 |    75 ||   146
       Frozen Ramparts   |       |       |     1 |       |       ||     1
       Orb of Destructio |       |       |       |     1 |     5 ||     6
       Lehudib's Crystal |       |       |       |     1 |       ||     1
       Chain Lightning   |       |       |       |     1 |       ||     1
       Iron Shot         |       |       |       |       |     4 ||     4
       Animate Armour    |       |       |       |       |     1 ||     1
       Fire Storm        |       |       |       |       |     1 ||     1
Invok: Channel Magic     |       |       |     1 |     5 |     9 ||    15
       Divine Exegesis   |       |       |       |     3 |     1 ||     4
  Use: Potion            |     2 |       |     5 |     2 |     5 ||    14
       Scroll            |       |       |     1 |       |     6 ||     7
Armor: Robe              |     5 |     5 |    41 |    14 |    23 ||    88
       Troll leather arm |       |       |       |     4 |       ||     4
Dodge: Dodged            |    14 |    19 |    76 |    29 |    21 ||   159
